 Dungeon Crawl Stone Soup version 0.29-a0-330-g52719c12eb (webtiles) character file.

Game seed: 11403668032691977939

20069 kae the Arsonist (level 12, -1/106 HPs)
             Began as a Demigod Fire Elementalist on Apr 21, 2022.
             Killed from afar by a rime drake (8 damage)
             ... with a flash freeze
             ... in an ice cave.
             The game lasted 00:16:52 (22019 turns).

kae the Arsonist (Demigod Fire Elementalist)       Turns: 22019, Time: 00:16:52

Health: -1/106     AC: 11    Str:  9    XL:     12   Next: 13%
Magic:  25/25      EV: 17    Int: 33    God:
Gold:   791        SH:  0    Dex: 20    Spells: 5/23 levels left

rFire   + . .      SeeInvis .   l - staff of fire
rCold   . . .      Faith    .   (no shield)
rNeg    . . .      Spirit   .   A - +0 steam dragon scales
rPois   .          Reflect  .   j - +2 hat
rElec   .          Harm     .   F - +2 cloak
rCorr   .          Rampage  .   (no gloves)
Will    ++...                   (no boots)
Stlth   ++........              y - amulet of magic regeneration
HPRegen 0.27/turn               s - ring of willpower
MPRegen 0.59/turn               k - +6 ring of dexterity

@: on berserk cooldown, slowed, very slow
A: high MP 1, forlorn, divine attributes
a: no special abilities


You were in an ice cave.
You visited 2 branches of the dungeon, and saw 13 of its levels.
You also visited: Sewer and Ice Cave.

You collected 887 gold pieces.
You spent 96 gold pieces at shops.

Inventory:

Missiles
 u - a throwing net
Armour
 j - a +2 hat (worn)
 A - +0 steam dragon scales (worn)
 F - a +2 cloak (worn)
Magical Staves
 l - a staff of fire (weapon)
Jewellery
 k - a +6 ring of dexterity (right hand)
 m - a ring of resist corrosion
 s - a ring of willpower (left hand)
 y - an amulet of magic regeneration (around neck)
 D - a ring of protection from fire
Wands
 i - a wand of polymorph (9)
 n - a wand of flame (27)
 p - a wand of acid (8)
 H - a wand of mindburst (9)
 I - a wand of iceblast (6)
Scrolls
 r - 6 scrolls of teleportation
 v - a scroll of enchant weapon
 w - 2 scrolls of fog
 z - a scroll of enchant armour
 C - 3 scrolls of identify
Potions
 a - 3 potions of degeneration
 b - 3 potions of magic
 c - a potion of ambrosia
 d - 6 potions of might
 f - 4 potions of curing
 g - a potion of attraction
 o - 3 potions of haste
 t - 4 potions of mutation
 x - 3 potions of brilliance
 B - a potion of flight
 E - a potion of cancellation


   Skills:
 + Level 9.6 Fighting
 + Level 6.9 Armour
 + Level 7.2 Dodging
 - Level 1.7 Stealth
 - Level 6.3 Spellcasting
 - Level 6.6 Conjurations
 - Level 10.0 Fire Magic


You had 5 spell levels left.
You knew the following spells:

 Your Spells              Type           Power      Damage    Failure   Level
a - Foxfire               Conj/Fire      100%       2x1d9     1%          1
b - Scorch                Fire           100%       2d10      1%          2
c - Conjure Flame         Conj/Fire      78%        6-21      1%          3
d - Inner Flame           Hex/Fire       60%        N/A       1%          3
e - Flame Wave            Conj/Fire      78%        2d14      1%          4
f - Shock                 Conj/Air       100%       1d9       1%          1
g - Sticky Flame          Conj/Fire      78%        2d9       1%          4

Your spell library contained the following spells:

 Spells                   Type           Power      Damage    Failure   Level
 Magic Dart               Conj           100%       1d8       1%          1
 Static Discharge         Conj/Air       32%        N/A       1%          2
 Stone Arrow              Conj/Erth      64%        3d11      3%          3
 Animate Skeleton         Necr           20%        N/A       4%          1
 Pain                     Necr           40%        1d6       4%          1
 Sting                    Tmut/Pois      40%        1d5       4%          1
 Mephitic Cloud           Conj/Pois/Air  25%        N/A       4%          3
 Blink                    Tloc           20%        N/A       6%          2
 Call Imp                 Summ           10%        N/A       6%          2
 Ensorcelled Hibernation  Hex/Ice        20%        N/A       6%          2
 Poisonous Vapours        Pois/Air       20%        N/A       6%          2
 Frozen Ramparts          Ice            20%        1d4       13%         3
 Lesser Beckoning         Tloc           10%        N/A       13%         3
 Ozocubu's Armour         Ice            10%        N/A       13%         3
 Spider Form              Tmut/Pois      10%        N/A       13%         3
 Tukima's Dance           Hex            10%        N/A       13%         3
 Vampiric Draining        Necr           10%        2d6       13%         3
 Anguish                  Hex/Necr       5%         N/A       38%         4
 Animate Armour           Summ/Erth      20%        N/A       38%         4
 Animate Dead             Necr           5%         N/A       38%         4
 Dispel Undead            Necr           10%        3d9       38%         4
 Ice Form                 Ice/Tmut       10%        N/A       38%         4
 Olgreb's Toxic Radiance  Pois           10%        N/A       38%         4
 Passage of Golubria      Tloc           10%        N/A       38%         4
 Petrify                  Tmut/Erth      10%        N/A       38%         4
 Summon Ice Beast         Ice/Summ       10%        N/A       38%         4
 Borgnjor's Vile Clutch   Necr/Erth      5%         N/A       75%         5
 Manifold Assault         Tloc           10%        N/A       75%         5
 Metabolic Englaciation   Hex/Ice        5%         N/A       75%         5
 Yara's Violent Unravell  Hex/Tmut       5%         3d4       75%         5
 Death Channel            Necr           5%         N/A       100%        6
 Dispersal                Tloc           5%         N/A       100%        6
 Simulacrum               Ice/Necr       5%         N/A       100%        6
 Statue Form              Tmut/Erth      6%         N/A       100%        6
 Disjunction              Tloc           5%         N/A       100%        8
 Lehudib's Crystal Spear  Conj/Erth      16%        10d5      100%        8


Dungeon Overview and Level Annotations

Branches:
Dungeon (12/15)            Temple (0/1) D:4            Lair (1/6) D:8
    Orc (0/2) D:9           Sewer (visited)           IceCv (1/1)

Shops:
D:8 *?[   D:11 =

Annotations:
D:4 2 transporters
D:5 1 runed translucent door, p0werm0de's ghost, novice VSFi


Innate Abilities, Weirdness & Mutations

You have an increased reservoir of magic. (+10% MP)
You shall have no god before yourself.
Your divine heritage dramatically boosts your attributes as you level up.


Message History

The death yak gores you but does no damage.
You hit the death yak but do no damage.
The death yak is almost dead.
The death yak gores you!!
* * * LOW HITPOINT WARNING * * *
The death yak gores you.
* * * LOW HITPOINT WARNING * * *
You hit the death yak but do no damage.
The death yak is almost dead.
You are no longer berserk.
You are exhausted.
You feel yourself slow down.
You hit the death yak but do no damage. You burn the death yak!
You kill the death yak!
The death yak gores you but does no damage.
The death yak gores you.
* * * LOW HITPOINT WARNING * * *
You hit the death yak but do no damage.
The death yak is moderately wounded.
The death yak barely misses you.
The death yak gores you but does no damage.
As you read the scroll of teleportation, it crumbles to dust.
You feel strangely unstable. The death yak barely misses you.
The death yak gores you but does no damage.
The death yak attacks as you move away! The death yak closely misses you.
Your surroundings suddenly seem different.
A wolf, a polar bear, a frost giant, a rime drake and 4 yaks come into view.
The frost giant is wielding a +1 battleaxe of freezing.
The yak bellows!
The rime drake hisses angrily.
The polar bear growls angrily.
The yak bellows!
The death yak bellows!
The wolf howls!
The wolf bites you.
* * * LOW HITPOINT WARNING * * *
The wolf bites you.
* * * LOW HITPOINT WARNING * * *
The polar bear bites you.
* * * LOW HITPOINT WARNING * * *
The polar bear closely misses you. x2
The rime drake breathes ice at you. The flash freeze hits you!
You die...

#####
#.....
###.....
##.....#
###.....#
##.......#
#....@Yh.#
##....hY..#
##..k.YY..#
###..C.....
#........
...######
.### #


You could see a frost giant (wandering), a death yak, a polar bear, 3 yaks, a
rime drake (catching breath) and a wolf.

Vanquished Creatures
  2 boulder beetles (D:12)
  A tengu warrior (D:10)
  A death yak (IceCv)
  2 cyclopes
  An ugly thing (D:12)
  A manticore (D:11)
  Joseph (D:9)
  4 cane toads (Lair:1)
  2 rime drakes (IceCv)
  A gargoyle (D:10)
  A wind drake (D:7)
  2 ice devils (Lair:1)
  2 hornets (D:10)
  3 polar bears (IceCv)
  Grinder (D:6)
  5 trolls
  7 slime creatures (D:12)
  Eustachio (D:4)
  A shadow (D:10)
  2 wraiths (D:12)
  19 yaks
  2 vampire mosquitoes (D:11)
  3 steam dragons
  4 water moccasins
  3 orc warriors
  2 ice beasts
  2 sky beasts
  4 black bears
  3 wolves (IceCv)
  3 centaurs
  2 ogres (D:6)
  2 phantoms
  12 kobold brigands
  Blork the orc (D:6)
  4 bullfrogs
  3 gnoll sergeants
  3 scorpions
  A necrophage (D:8)
  3 wights (D:8)
  4 killer bees (D:9)
  3 electric eels (D:6)
  7 howler monkeys
  A lava snake (D:8)
  2 hounds
  3 orc priests
  4 jellies
  An iguana (D:5)
  Natasha (thrice) (D:4)
  5 orc wizards
  23 gnolls
  7 adders
  3 river rats
  2 shadow imps
  2 white imps (D:8)
  11 worms
  A dart slug (D:2)
  19 orcs
  11 ball pythons
  9 endoplasms
  4 giant cockroaches
  30 goblins
  28 hobgoblins
  8 jackals
  2 quokkas
  4 bats
  A frilled lizard (D:2)
  33 kobolds
  5 rats
353 creatures vanquished.

Vanquished Creatures (collateral kills)
  5 foxfires
5 creatures vanquished.

Vanquished Creatures (others)
  An orc wizard (D:5)
  1080 foxfires
  43 fungi
  45 plants
1169 creatures vanquished.

Grand Total: 1527 creatures vanquished

Notes
Turn   | Place    | Note
-------+----------+-------------------------------------------
     0 | D:1      | kae the Demigod Fire Elementalist began the quest for the
                  | Orb.
     0 | D:1      | Reached XP level 1. HP: 14/14 MP: 5/5
    87 | D:1      | Reached skill level 1 in Conjurations
   481 | D:1      | Got Plato's Papyrus of Blows and Bruises
  1017 | D:1      | Reached skill level 3 in Fire Magic
  1017 | D:1      | Reached XP level 2. HP: 22/22 MP: 2/7
  1444 | D:2      | Learned a level 2 spell: Scorch
  2099 | D:2      | Reached XP level 3. HP: 15/27 MP: 2/8
  2297 | D:2      | Reached skill level 1 in Fighting
  2555 | D:2      | Learned a level 1 spell: Shock
  2939 | D:3      | Reached XP level 4. HP: 35/35 MP: 5/10
  3870 | D:3      | Reached skill level 4 in Fire Magic
  3870 | D:3      | Reached XP level 5. HP: 41/41 MP: 1/11
  4556 | D:4      | Noticed Eustachio
  4695 | D:4      | Found a glowing drain.
  4735 | Sewer    | Entered a sewer
  4850 | Sewer    | Reached XP level 6. HP: 48/48 MP: 9/13
  5092 | Sewer    | Reached skill level 5 in Fire Magic
  5463 | Sewer    | Reached XP level 7. HP: 57/57 MP: 10/15
  5885 | D:4      | Noticed Natasha
  5989 | D:4      | Killed Natasha
  6063 | D:4      | Found a transporter.
  6068 | D:4      | Noticed a fire bat
  6069 | D:4      | Noticed a fire bat
  6098 | D:4      | Noticed Natasha
  6104 | D:4      | Killed Natasha
  6254 | D:4      | Killed Eustachio
  6255 | D:4      | Reached skill level 6 in Fire Magic
  6345 | D:4      | Noticed Natasha
  6349 | D:4      | Killed Natasha
  6566 | D:4      | Found a transporter.
  6746 | D:4      | Found a staircase to the Ecumenical Temple.
  6829 | D:4      | Reached XP level 8. HP: 66/66 MP: 12/17
  6970 | D:5      | Entered Level 5 of the Dungeon
  7229 | D:5      | Learned a level 3 spell: Conjure Flame
  7233 | D:5      | Learned a level 3 spell: Inner Flame
  7238 | D:5      | Learned a level 4 spell: Flame Wave
  7533 | D:5      | Found a runed translucent door.
  8098 | D:5      | Noticed p0werm0de's ghost (novice VSFi)
  8436 | D:6      | Noticed Blork the orc
  8445 | D:6      | Killed Blork the orc
  8446 | D:6      | Reached skill level 7 in Fire Magic
  8785 | D:6      | Noticed Grinder
  8794 | D:6      | Killed Grinder
  9393 | D:6      | Reached skill level 5 in Conjurations
  9393 | D:6      | Reached XP level 9. HP: 68/73 MP: 10/19
 10070 | D:7      | Reached skill level 5 in Fighting
 10070 | D:7      | Reached skill level 5 in Spellcasting
 10070 | D:7      | Reached skill level 8 in Fire Magic
 10708 | D:8      | Found Qatul's Assorted Antiques.
 10758 | D:8      | Noticed a komodo dragon
 10946 | D:7      | a komodo dragon changed into a wind drake
 11461 | D:7      | Identified the +7 whip "Zoafaossi" {venom, Drain rN+ SInv}
 11985 | D:8      | Reached skill level 9 in Fire Magic
 12469 | D:8      | Bought a scroll of identify for 48 gold pieces
 12470 | D:8      | Bought a scroll of identify for 48 gold pieces
 12535 | D:8      | Reached XP level 10. HP: 62/83 MP: 11/22
 13253 | D:8      | Found a staircase to the Lair.
 13531 | D:8      | Found Othis's Magic Scroll Shop.
 13560 | D:8      | Found Nif Noro's Armour Shop.
 13642 | D:9      | Noticed Joseph
 13655 | D:9      | Killed Joseph
 14178 | D:9      | Found a staircase to the Orcish Mines.
 14632 | D:9      | Reached skill level 10 in Fire Magic
 15077 | D:9      | Learned a level 4 spell: Sticky Flame
 15087 | D:10     | Entered Level 10 of the Dungeon
 15219 | D:10     | Reached skill level 1 in Armour
 15426 | D:10     | Paralysed by a hornet for 2 turns
 15731 | D:10     | Noticed a tengu warrior
 15947 | D:10     | Killed a tengu warrior
 16347 | D:10     | Identified the +9 quarterstaff "Naqozino" {elec, +Blink
                  | Will+ Int-2}
 16602 | D:11     | Reached XP level 11. HP: 73/92 MP: 14/24
 16748 | D:11     | Found Fecwiafa's Jewellery Shoppe.
 18149 | D:12     | Noticed a boulder beetle
 18168 | D:12     | Killed a boulder beetle
 18797 | D:12     | Reached skill level 5 in Dodging
 18809 | D:12     | Reached skill level 5 in Armour
 19956 | D:12     | Noticed a boulder beetle
 19968 | D:12     | Killed a boulder beetle
 20685 | Lair:1   | Entered Level 1 of the Lair of Beasts
 21258 | Lair:1   | Found a frozen archway.
 21296 | IceCv    | Entered an ice cave
 21315 | IceCv    | Reached XP level 12. HP: 31/105 MP: 10/25
 22019 | IceCv    | Noticed a frost giant
 22019 | IceCv    | Killed from afar by a rime drake

Illustrated notes

Levels and vault maps discovered:
D:1:      dpeg_arrival_radiant, layout_loops_corners,
          shapermc_ecumenical_altar_rom_forum, minmay_cut_off
D:2:      layout_basic, serial_bayou_lagoon_b
D:3:      layout_basic, chequers_serial_rivers_micro_e
D:4:      gammafunk_cloud_chamber, layout_rooms, minmay_temple_entry_poolview,
          portal_sewer_entry_e, uniq_natasha, uniq_eustachio
D:5:      layout_basic, ebering_ghost_inner_flame
D:6:      minmay_goblin_kobold_castle, layout_gridville,
          minmay_misc_feat_ornament, uniq_blork_the_orc, uniq_grinder
D:7:      layout_cave_pools
D:8:      layout_basic, mainiacjoe_overflow_six_doors_small,
          nicolae_uskayaw_suspiria, nicolae_overflow_crystal_walls,
          due_lair_maze_entry_diamond, serial_shops, shop, kennysheep_mini_moat,
          nicolae_shop_statue_plus, chequers_mini_garden
D:9:      layout_loops_cross, orc_0_dummy, uniq_joseph
D:10:     layout_loops_ring, fedhas_altar_4
D:11:     layout_basic, serial_shops, nicolae_shop_statue_plus,
          serial_co_window_serial, co_window_paths_a, co_window_corner_a,
          co_window_paths_b, co_window_paths_a, co_window_corner_a,
          co_window_paths_b, co_window_of_opportunity_c,
          co_window_of_opportunity_b, co_window_of_opportunity_b,
          co_window_4corner_b, co_window_4corner_a
D:12:     layout_stronghold
Lair:1:   layout_loops_ring, portal_ice_cave_demonic_guard,
          minmay_shattered_shrine
IceCv:    ice_cave_small_giant

Skill      XL: |  1  2  3  4  5  6  7  8  9 10 11 12 |
---------------+-------------------------------------+-----
Conjurations   | 1 2 3 5 6 |  6.6
Fire Magic     | 3 4 5 6 7 9 10 | 10.0
Spellcasting   | 2 3 4 5 6 |  6.3
Fighting       | 1 2 3 4 6 7 9 |  9.6
Dodging        | 3 6 7 |  7.2
Armour         | 3 6 |  6.9
Stealth        | |  1.7

Action                   |  1- 3 |  4- 6 |  7- 9 | 10-12 || total
-------------------------+-------+-------+-------+-------++-------
Melee: Unarmed           |     5 |       |       |       ||     5
       Staff             |       |       |       |    36 ||    36
 Cast: Foxfire           |    97 |    93 |   275 |   175 ||   640
       Scorch            |       |    17 |    54 |   138 ||   209
       Shock             |       |       |     7 |       ||     7
       Inner Flame       |       |       |     1 |     2 ||     3
       Flame Wave        |       |       |     9 |    30 ||    39
       Conjure Flame     |       |       |       |     7 ||     7
       Sticky Flame      |       |       |       |     2 ||     2
Evoke: Wand              |       |       |     5 |       ||     5
  Use: Scroll            |     4 |     4 |    14 |     9 ||    31
       Potion            |       |       |     1 |     8 ||     9
Armor: Robe              |    19 |     9 |    47 |       ||    75
       Steam dragon scal |       |       |    31 |   115 ||   146
Dodge: Dodged            |    33 |    15 |   130 |   266 ||   444

Table legend: (Time is in decaauts)
 A = Elapsed time spent in this place.
 B = Non-inter-level travel time spent in this place.
 C = Inter-level travel time spent in this place.
 D = Time resting spent in this place.
 E = Time spent auto-exploring this place.
 F = Levels seen in this place.
 G = Mean time per level.
                   A        B        C        D        E       F      G
               +--------+--------+--------+--------+--------+-----+--------+
         Total |  22236 |  21622 |    614 |   2380 |  16202 |  15 | 1482.4 |
       Dungeon |  19637 |  19039 |    598 |   2351 |  14122 |  12 | 1636.4 |
          Lair |    611 |    595 |     16 |     29 |    478 |   1 |  611.0 |
         Sewer |   1283 |   1283 |      0 |      0 |   1050 |   1 | 1283.0 |
      Ice Cave |    703 |    703 |      0 |      0 |    552 |   1 |  703.0 |
               +--------+--------+--------+--------+--------+-----+--------+

Top non-repeatable levels by time:
    D:12: 2604 daAuts
     D:6: 2280 daAuts
     D:7: 1992 daAuts
     D:9: 1818 daAuts
     D:2: 1616 daAuts
     D:4: 1594 daAuts
    D:11: 1495 daAuts
     D:3: 1445 daAuts
     D:1: 1416 daAuts
     D:8: 1295 daAuts
   Sewer: 1283 daAuts
    D:10: 1130 daAuts
     D:5: 948 daAuts
   IceCv: 703 daAuts
  Lair:1: 611 daAuts
